PA
SOUTH BEACH BLAZE @ GWINNETT COUNTY BLACK CATS
05/29/2022
 
TOP OF THE 1ST
South Beach Blaze batting - Pitching for Gwinnett County Black Cats : RHP Roelof van den Hoek
Pitching: RHP Roelof van den Hoek
Batting: RHB Nick Ross 0-0: Ball
1-0: Foul Ball, location: 2F
1-1: Foul Ball, location: 2F
1-2: Ball
2-2: Strikes out looking
Batting: RHB Omar Schuler 0-0: Ground out 4-3 (Groundball, 4)
Batting: RHB Marcos Reyes 0-0: Foul Ball, location: 2F
0-1: Ball
1-1: Foul Ball, location: 2F
1-2: Fly out, F7 (Flyball, 7M)
Top of the 1st over - 0 run(s), 0 hit(s), 0 error(s), 0 left on base; South Beach 0 - Gwinnett County 0
BOTTOM OF THE 1ST
Gwinnett County Black Cats batting - Pitching for South Beach Blaze : LHP Rubén Rodríguez
Pitching: LHP Rubén Rodríguez
Batting: RHB Alfonso López 0-0: Swinging Strike
0-1: Ball
1-1: Fly out, F8 (Flyball, 8RM)
Batting: RHB John Townsend 0-0: Ball
1-0: Ball
2-0: Ball
3-0: Base on Balls
Batting: RHB Orlando Sánchez 0-0: Ball
1-0: Ball
2-0: Foul Ball, location: 2F
2-1: Grounds into double play, 6-4-3 (Groundball, 6)
Bottom of the 1st over - 0 run(s), 0 hit(s), 0 error(s), 0 left on base; South Beach 0 - Gwinnett County 0
TOP OF THE 2ND
South Beach Blaze batting - Pitching for Gwinnett County Black Cats : RHP Roelof van den Hoek
Batting: LHB Tomás Mejía 0-0: Ground out U3 (Groundball, 3S)
Batting: LHB Carlos Medina 0-0: Ground out 6-3 (Groundball, 6M)
Batting: LHB Jacob Herman 0-0: Bunt for hit - play at first, batter OUT! 3-4
Top of the 2nd over - 0 run(s), 0 hit(s), 0 error(s), 0 left on base; South Beach 0 - Gwinnett County 0
BOTTOM OF THE 2ND
Gwinnett County Black Cats batting - Pitching for South Beach Blaze : LHP Rubén Rodríguez
Batting: RHB Ghislain Vespucci 0-0: SINGLE (Groundball, 6MD)
Batting: LHB Kent Roberts 0-0: Foul Ball, location: 2F
0-1: Fly out, F6 (Popup, 6MD)
Batting: RHB Steve Jones 0-0: Ball
1-0: Swinging Strike
1-1: Foul Ball, location: 2F
1-2: DOUBLE (Groundball, 5L)
Ghislain Vespucci to third
Batting: RHB Aaron Taylor 0-0: Ground out 4-3 (Groundball, 4)
Ghislain Vespucci scores
Steve Jones to third
Batting: RHB Jorge Saldaña 0-0: Foul Ball, location: 2F
0-1: Foul Ball, location: 2F
0-2: Ball
1-2: Ball
2-2: Strikes out looking
Bottom of the 2nd over - 1 run(s), 2 hit(s), 0 error(s), 1 left on base; South Beach 0 - Gwinnett County 1
TOP OF THE 3RD
South Beach Blaze batting - Pitching for Gwinnett County Black Cats : RHP Roelof van den Hoek
Batting: LHB Chad Graves 0-0: Fly out, F7 (Flyball, 7M)
Batting: SHB Javier Gonzáles 0-0: Ball
1-0: Bunt missed!
1-1: Ball
2-1: Foul Ball, location: 2F
2-2: Fly out, F3 (Popup, 9LS)
Batting: RHB Logan Cole 0-0: Ball
1-0: Called Strike
1-1: Swinging Strike
1-2: Ground out 6-3 (Groundball, 6)
Top of the 3rd over - 0 run(s), 0 hit(s), 0 error(s), 0 left on base; South Beach 0 - Gwinnett County 1
BOTTOM OF THE 3RD
Gwinnett County Black Cats batting - Pitching for South Beach Blaze : LHP Rubén Rodríguez
Batting: RHB Roberto Aguilar 0-0: Foul Ball, location: 2F
0-1: Foul Ball, location: 2F
0-2: DOUBLE (Line Drive, 9LS)
Batting: RHB Alfonso López 0-0: SINGLE (Flyball, 6MD)
Roberto Aguilar to third
Runner from 3rd tries for Home, SAFE, no throw or cutoff
Batting: RHB John Townsend 0-0: Ball
1-0: Swinging Strike
1-1: Ball
2-1: Foul Ball, location: 2F
2-2: Foul Ball, location: 2F
2-2: Ball
Alfonso López is caught stealing 2nd base
3-2: Fly out, F8 (Flyball, 8LS)
Batting: RHB Orlando Sánchez 0-0: Ball
1-0: Ball
2-0: Swinging Strike
2-1: Called Strike
2-2: Strikes out swinging
Bottom of the 3rd over - 1 run(s), 2 hit(s), 0 error(s), 0 left on base; South Beach 0 - Gwinnett County 2
TOP OF THE 4TH
South Beach Blaze batting - Pitching for Gwinnett County Black Cats : RHP Roelof van den Hoek
Batting: RHB Nick Ross 0-0: Ball
1-0: Foul Ball, location: 2F
1-1: Called Strike
1-2: Foul Ball, location: 2F
1-2: SINGLE (Line Drive, 56D)
Batting: RHB Omar Schuler 0-0: Called Strike
0-1: Grounds into double play, U6-3 (Groundball, 6M)
Batting: RHB Marcos Reyes 0-0: Foul Ball, location: 2F
0-1: Swinging Strike
0-2: Strikes out looking
Top of the 4th over - 0 run(s), 1 hit(s), 0 error(s), 0 left on base; South Beach 0 - Gwinnett County 2
BOTTOM OF THE 4TH
Gwinnett County Black Cats batting - Pitching for South Beach Blaze : LHP Rubén Rodríguez
Batting: RHB Ghislain Vespucci 0-0: Called Strike
0-1: Ball
1-1: SINGLE (Line Drive, 7LM)
Batting: LHB Kent Roberts 0-0: Ball
1-0: Swinging Strike
1-1: Foul Ball, location: 2F
1-2: Strikes out swinging
Ghislain Vespucci steals 2nd base
Batter strikes out.
Batting: RHB Steve Jones 0-0: Ball
1-0: Ball
2-0: Called Strike
2-1: Ball
3-1: Called Strike
3-2: Ground out 2-3 (Groundball, 2L)
Ghislain Vespucci to third
Batting: RHB Aaron Taylor 0-0: Called Strike
0-1: Ball
1-1: Ball
2-1: Swinging Strike
2-2: SINGLE (Line Drive, 8LS)
Ghislain Vespucci scores
Batting: RHB Jorge Saldaña 0-0: Ball
1-0: Ground out U3 (Groundball, 3S)
Bottom of the 4th over - 1 run(s), 2 hit(s), 0 error(s), 1 left on base; South Beach 0 - Gwinnett County 3
TOP OF THE 5TH
South Beach Blaze batting - Pitching for Gwinnett County Black Cats : RHP Roelof van den Hoek
Batting: LHB Tomás Mejía 0-0: Called Strike
0-1: Called Strike
0-2: Ball
1-2: Ball
2-2: Ball
3-2: Base on Balls
Batting: LHB Carlos Medina 0-0: Swinging Strike
0-1: Foul Ball, location: 2F
0-2: Ball
Tomás Mejía is caught stealing 2nd base
1-2: Ground out 4-3 (Groundball, 34)
Batting: LHB Jacob Herman 0-0: Ball
1-0: Fly out, F9 (Flyball, 9M)
Top of the 5th over - 0 run(s), 0 hit(s), 0 error(s), 0 left on base; South Beach 0 - Gwinnett County 3
BOTTOM OF THE 5TH
Gwinnett County Black Cats batting - Pitching for South Beach Blaze : LHP Rubén Rodríguez
Batting: RHB Roberto Aguilar 0-0: Foul Ball, location: 2F
0-1: DOUBLE (Line Drive, 9LS)
Batting: RHB Alfonso López 0-0: Reached on error, E1 (Groundball, 15S)
Roberto Aguilar to third
Batting: RHB John Townsend 0-0: Called Strike
0-1: Fly out, F8 (Flyball, 8LD)
Runner from 3rd tags up, SCORES, no throw
Batting: RHB Orlando Sánchez 0-0: Ball
1-0: Foul Ball, location: 2F
1-1: Ball
2-1: SINGLE (Line Drive, 5D)
Alfonso López to second
Batting: RHB Ghislain Vespucci 0-0: Ball
1-0: Foul Ball, location: 2F
1-1: Foul Ball, location: 2F
1-2: DOUBLE (Flyball, 78XD)
Alfonso López scores
Orlando Sánchez to third
Runner from 3rd tries for Home, SAFE, throw made home
Pitching: RHP Justin Connolly
Batting: LHB Kent Roberts 0-0: Swinging Strike
0-1: Ball
1-1: Foul Ball, location: 2F
1-2: Strikes out swinging
Batting: RHB Steve Jones 0-0: Called Strike
0-1: Ground out 5-3 (Groundball, 56)
Bottom of the 5th over - 3 run(s), 3 hit(s), 1 error(s), 1 left on base; South Beach 0 - Gwinnett County 6
TOP OF THE 6TH
South Beach Blaze batting - Pitching for Gwinnett County Black Cats : RHP Roelof van den Hoek
Batting: LHB Chad Graves 0-0: Foul Ball, location: 2F
0-1: DOUBLE (Line Drive, 7LS)
Batting: SHB Javier Gonzáles 0-0: Foul Ball, location: 2F
0-1: Fly out, F6 (Popup, 6MD)
Batting: RHB Logan Cole 0-0: Foul Ball, location: 2F
0-1: Ground out 5-3 (Groundball, 56S)
Chad Graves to third
Batting: RHB Nick Ross 0-0: Called Strike
0-1: Foul Ball, location: 2F
0-2: Ball
1-2: Fly out, F8 (Flyball, 8LM)
Top of the 6th over - 0 run(s), 1 hit(s), 0 error(s), 1 left on base; South Beach 0 - Gwinnett County 6
BOTTOM OF THE 6TH
Gwinnett County Black Cats batting - Pitching for South Beach Blaze : RHP Justin Connolly
Batting: RHB Aaron Taylor 0-0: Ball
1-0: Called Strike
1-1: Ball
2-1: Foul Ball, location: 2F
2-2: Ball
3-2: Strikes out looking
Batting: RHB Jorge Saldaña 0-0: Ball
1-0: Foul Ball, location: 2F
1-1: Ground out 1-3 (Groundball, 25)
Batting: RHB Roberto Aguilar 0-0: Ball
1-0: Called Strike
1-1: Foul Ball, location: 2F
1-2: Ball
2-2: Ball
3-2: Foul Ball, location: 2F
3-2: Ground out 1-3 (Groundball, 34S)
Bottom of the 6th over - 0 run(s), 0 hit(s), 0 error(s), 0 left on base; South Beach 0 - Gwinnett County 6
TOP OF THE 7TH
South Beach Blaze batting - Pitching for Gwinnett County Black Cats : RHP Roelof van den Hoek
Batting: RHB Omar Schuler 0-0: Swinging Strike
0-1: SINGLE (Groundball, 15) (infield hit)
Batting: RHB Marcos Reyes 0-0: Ball
1-0: Grounds into double play, 4-6-3 (Groundball, 4)
Batting: LHB Tomás Mejía 0-0: Called Strike
0-1: Swinging Strike
0-2: Ball
1-2: Foul Ball, location: 2F
1-2: Ball
2-2: Ball
3-2: Strikes out swinging
Top of the 7th over - 0 run(s), 1 hit(s), 0 error(s), 0 left on base; South Beach 0 - Gwinnett County 6
BOTTOM OF THE 7TH
Gwinnett County Black Cats batting - Pitching for South Beach Blaze : RHP Justin Connolly
Batting: RHB Alfonso López 0-0: Foul Ball, location: 2F
0-1: Foul Ball, location: 2F
0-2: Ball
1-2: Ball
2-2: Ball
3-2: Foul Ball, location: 2F
3-2: Base on Balls
Batting: RHB John Townsend 0-0: Ball
1-0: Ball
2-0: Ball
3-0: Called Strike
3-1: Called Strike
3-2: Strikes out swinging
Batting: RHB Orlando Sánchez 0-0: Ball
1-0: Called Strike
Alfonso López steals 2nd base
1-1: Ball
2-1: Called Strike
2-2: Foul Ball, location: 2F
2-2: SINGLE (Line Drive, 9S)
Alfonso López to third
Runner from 3rd tries for Home, SAFE, no throw or cutoff
Batting: RHB Ghislain Vespucci 0-0: SINGLE (Flyball, 89S)
Orlando Sánchez to second
Batting: LHB Kent Roberts 0-0: Swinging Strike
0-1: Ball
1-1: Ball
2-1: Ball
3-1: Base on Balls
Orlando Sánchez to third
Ghislain Vespucci to second
Batting: RHB Steve Jones 0-0: Called Strike
0-1: Called Strike
0-2: Foul Ball, location: 2F
0-2: Ball
1-2: Strikes out swinging
Batting: RHB Aaron Taylor 0-0: Ball
Wild Pitch!
Orlando Sánchez scores
Ghislain Vespucci to third
Kent Roberts to second
1-0: Ball
2-0: DOUBLE (Flyball, 9M)
Ghislain Vespucci scores
Kent Roberts scores
Pitching: RHP Toby Guy
Batting: RHB Jorge Saldaña 0-0: Ball
1-0: Ball
2-0: Called Strike
2-1: Ball
3-1: Base on Balls
Batting: RHB Roberto Aguilar 0-0: Fly out, F7 (Flyball, 7M)
Bottom of the 7th over - 4 run(s), 3 hit(s), 0 error(s), 2 left on base; South Beach 0 - Gwinnett County 10
TOP OF THE 8TH
South Beach Blaze batting - Pitching for Gwinnett County Black Cats : RHP Roelof van den Hoek
Batting: LHB Carlos Medina 0-0: Fly out, F8 (Flyball, 8LM)
Pinch Hitting: RHB Leonardo Ramírez 0-0: Ground out 6-3 (Groundball, 6)
Batting: LHB Chad Graves 0-0: Called Strike
0-1: Ground out U3 (Groundball, 3L)
Top of the 8th over - 0 run(s), 0 hit(s), 0 error(s), 0 left on base; South Beach 0 - Gwinnett County 10
BOTTOM OF THE 8TH
Gwinnett County Black Cats batting - Pitching for South Beach Blaze : RHP Toby Guy
Now in LF: Leonardo Ramírez
Batting: RHB Alfonso López 0-0: Swinging Strike
0-1: Ball
1-1: Ground out 6-3 (Groundball, 6M)
Batting: RHB John Townsend 0-0: Called Strike
0-1: Ground out 5-3 (Groundball, 5)
Batting: RHB Orlando Sánchez 0-0: Ball
1-0: Ball
2-0: Foul Ball, location: 2F
2-1: Foul Ball, location: 2F
2-2: Ball
3-2: Base on Balls
Batting: RHB Ghislain Vespucci 0-0: Ball
1-0: SINGLE (Groundball, 6)
Orlando Sánchez to second
Batting: LHB Kent Roberts 0-0: SINGLE (Flyball, 89M)
Orlando Sánchez to third
Ghislain Vespucci to second
Batting: RHB Steve Jones 0-0: Swinging Strike
0-1: DOUBLE (Flyball, 78M)
Orlando Sánchez scores
Ghislain Vespucci scores
Kent Roberts to third
Runner from 3rd tries for Home, throw and OUT!
Bottom of the 8th over - 2 run(s), 3 hit(s), 0 error(s), 1 left on base; South Beach 0 - Gwinnett County 12
TOP OF THE 9TH
South Beach Blaze batting - Pitching for Gwinnett County Black Cats : RHP Roelof van den Hoek
Batting: SHB Javier Gonzáles 0-0: Fly out, F8 (Line Drive, 8RM)
Batting: RHB Logan Cole 0-0: Foul Ball, location: 2F
0-1: Ball
1-1: Ball
2-1: Ball
3-1: Foul Ball, location: 2F
3-2: Foul Ball, location: 2F
3-2: Fly out, F5 (Line Drive, 5)
Batting: RHB Nick Ross 0-0: Called Strike
0-1: Ball
1-1: Foul Ball, location: 2F
1-2: Ball
2-2: Foul Ball, location: 2F
2-2: Strikes out swinging
Top of the 9th over - 0 run(s), 0 hit(s), 0 error(s), 0 left on base; South Beach 0 - Gwinnett County 12
This league is powered by Out of the Park Baseball, the baseball management simulation game for PC, Mac and Linux
Friday, April 15th, 2016 - OOTP Baseball 16.9 Build 39